 Dungeon Crawl Stone Soup version 0.26.0-20-g3ca415f5b8 (webtiles) character file.

Game seed: 9537471509085845110

134 Gadfly the Skirmisher (level 5, -4/54 HPs)
             Began as an Ogre Monk on Jan 25, 2021.
             Killed by nerve-wracking pain
             ... invoked by Grinder
              (11 damage)
             ... while paralysed by Grinder
             ... on level 3 of the Dungeon.
             The game lasted 00:03:23 (3405 turns).

Gadfly the Skirmisher (Ogre Monk)                   Turns: 3405, Time: 00:03:24

Health: -4/54      AC:  4    Str: 16    XL:     5   Next: 17%
Magic:  6/6        EV:  1    Int: 11    God:
Gold:   157        SH:  0    Dex: 11    Spells: 4/4 levels left

rFire    . . .     SeeInvis .   b - +2 dagger (venom)
rCold    . . .     Faith    .   (no shield)
rNeg     . . .     Spirit   .   e - +0 robe
rPois    .         Reflect  .   (helmet restricted)
rElec    .         Harm     .   f - +0 cloak
rCorr    .         Rampage  .   (gloves unavailable)
Will     .....                  (boots unavailable)
Stlth    ++........             (no amulet)
HPRegen  0.18/turn              (no ring)
MPRegen  0.10/turn              (no ring)

@: paralysed
A: large, unfitting armour, tough skin 1
a: no special abilities


You were on level 3 of the Dungeon.
You visited 1 branch of the dungeon, and saw 3 of its levels.

You collected 157 gold pieces.

Inventory:

Hand Weapons
 a - a +1 mace
 b - a +2 dagger of venom (weapon)
Missiles
 c - 117 stones (quivered)
Armour
 e - a +0 robe (worn)
 f - a +0 cloak (worn)
Scrolls
 d - 3 scrolls of enchant weapon
 g - 2 scrolls of magic mapping
 i - a scroll of identify
 k - a scroll of teleportation
 n - a scroll of remove curse
Potions
 h - a potion of haste
 j - a potion of mutation
 m - a potion of curing


   Skills:
 - Level 4.0 Fighting
 + Level 3.1 Maces & Flails
 * Level 1.8 Throwing
 * Level 1.6 Armour
 - Level 2.6 Dodging
 - Level 1.4 Stealth
 * Level 2.0 Invocations
 * Level 1.6 Evocations


You had 4 spell levels left.
You didn't know any spells.
Your spell library was empty.

Dungeon Overview and Level Annotations

Branches:
Dungeon (3/15)

Altars:
Fedhas

Annotations:
D:3 Grinder


Innate Abilities, Weirdness & Mutations

You are too large for most types of armour.
You have tough skin. (AC +1)


Message History

You barely miss Grinder.
Grinder is severely wounded.
Grinder hits you!
* * * LOW HITPOINT WARNING * * *
You writhe in agony.
* * * LOW HITPOINT WARNING * * *
You hit Grinder.
Grinder is severely wounded.
Grinder looks more healthy.
Grinder gestures at you.
You suddenly lose the ability to move!
Grinder hits you but does no damage. x2
Grinder completely misses you.
Grinder says, "You look like you could use a good racking."
Grinder hits you!
* * * LOW HITPOINT WARNING * * *
Grinder hits you but does no damage. Grinder gestures at you.
Pain shoots through your body!
You die...

##. #.#.....# #.# ≈≈≈≈
.#....## #.. ≈≈≈≈.
.#....# ### ≈≈≈.≈≈
#.#.##.# #
≈.≈≈≈.###......######.
#
#≈≈≈≈....##.##.......#
.≈≈≈≈.#..##.##.######.
..≈≈≈.#.5##.#...#
≈≈≈≈≈≈..@.......#
.≈≈≈≈≈#...†.....#
.≈.≈≈.........###
.≈≈≈≈....[....#
.≈≈≈≈≈.###......#
..≈≈≈.# ##.....# #####
≈≈≈≈≈. #.....# #≈≈≈#
..≈≈≈. #....<# ###≈≈
≈≈≈≈≈# ##..... #≈≈


You could see Grinder.

Vanquished Creatures
  3 adders
  2 worms
  5 dart slugs
  2 leopard geckos
  4 orcs (D:3)
  2 ball pythons
  8 bats
  4 giant cockroaches
  10 goblins
  9 hobgoblins
  6 jackals
  8 kobolds
  A quokka (D:2)
  3 frilled lizards
  10 rats
77 creatures vanquished.

Notes
Turn   | Place    | Note
-------+----------+-------------------------------------------
     0 | D:1      | Gadfly the Ogre Monk began the quest for the Orb.
     0 | D:1      | Reached XP level 1. HP: 24/24 MP: 1/1
   417 | D:1      | Reached XP level 2. HP: 21/32 MP: 2/2
   658 | D:1      | Reached skill level 1 in Invocations
  1030 | D:1      | Reached skill level 1 in Throwing
  1030 | D:1      | Reached XP level 3. HP: 39/39 MP: 3/3
  1077 | D:1      | Reached skill level 1 in Evocations
  1606 | D:2      | Reached skill level 1 in Armour
  1620 | D:2      | Reached XP level 4. HP: 24/48 MP: 5/5
  2539 | D:2      | Found a blossoming altar of Fedhas.
  3127 | D:3      | Reached XP level 5. HP: 35/54 MP: 6/6
  3371 | D:3      | Noticed Grinder
  3381 | D:3      | Paralysed by Grinder for 2 turns
  3399 | D:3      | Paralysed by Grinder for 7 turns
  3405 | D:3      | Killed from afar by Grinder

Illustrated notes

Levels and vault maps discovered:
D:1:      matt_arrival_los_fun, layout_loops_ring
D:2:      layout_basic, fedhas_altar_4
D:3:      minmay_door_path, layout_loops_cross, serial_rivers,
          chequers_serial_rivers_large_a, chequers_serial_rivers_micro_c,
          chequers_serial_rivers_large_b, chequers_serial_rivers_micro_d,
          uniq_grinder

Skill      XL: |  1  2  3  4  5 |
---------------+----------------+-----
Invocations    | 1 2 |  2.0
Throwing       | 1 |  1.8
Evocations     | 1 |  1.6
Armour         | 1 |  1.6
Maces & Flails | 3 |  3.1
Fighting       | |  4.0
Dodging        | |  2.6
Stealth        | |  1.4

Action                   |  1- 3 |  4- 6 || total
-------------------------+-------+-------++-------
Melee: Mace              |   111 |       ||   111
       Dagger            |    12 |   136 ||   148
  Use: Scroll            |     4 |     6 ||    10
       Potion            |       |     1 ||     1
 Stab: Sleeping          |     4 |     2 ||     6
Armor: Robe              |    40 |    46 ||    86
Dodge: Dodged            |    72 |    61 ||   133
